 Dungeon Crawl Stone Soup version 0.17.1-1-g73c8601 (console) character file.

729 Kloppie the Chopper (level 7, -3/63 HPs)
             Began as a Minotaur Gladiator on Dec 24, 2015.
             Slain by an orc warrior
             ... wielding a +0 trident
              (7 damage)
             ... on level 4 of the Dungeon.
             The game lasted 00:06:48 (3045 turns).

Kloppie the Chopper (Minotaur Gladiator)            Turns: 3045, Time: 00:06:48

Health: -3/63      AC:  9    Str: 20    XL:     7   Next: 44%
Magic:  6/6        EV: 11    Int:  7    God:
Gold:   150        SH:  0    Dex: 10    Spells: 0 memorised, 6 levels left

rFire  + . .     SeeInvis .     a - +1 war axe
rCold  . . .     Clarity  .     D - +2 scale mail {rF+}
rNeg   . . .     SustAt   .     (no shield)
rPois  .         Gourm    .     c - +1 hat
rElec  .         Spirit   .     (no cloak)
rCorr  .         Warding  .     (no gloves)
rMut   .         Stasis   .     (no boots)
MR     .....                    (no amulet)
Stlth  +.........               k - ring of stealth
                                h - +3 ring of slaying

@: not resistant to hostile enchantments, very unstealthy
A: retaliatory headbutt, horns 2
a: no special abilities


You were on level 4 of the Dungeon.
You were not hungry.

You visited 1 branch of the dungeon, and saw 4 of its levels.

You collected 150 gold pieces.

Inventory:

Hand Weapons
 a - a +1 war axe (weapon)
 b - a +0 flail
Missiles
 d - 3 throwing nets (quivered)
Armour
 c - a +1 hat (worn)
 D - a +2 scale mail of fire resistance (worn)
Jewellery
 h - a +3 ring of slaying (left hand)
 k - a ring of stealth (right hand)
Scrolls
 i - a scroll of teleportation
 o - a scroll of blinking
 q - a scroll of fear
 r - 3 scrolls of enchant armour
 y - a scroll of remove curse
 B - a scroll of magic mapping {unknown}
Potions
 j - 2 potions of might
 m - a potion of ambrosia
 n - a potion of agility
 t - a potion of brilliance
 u - 3 potions of curing
 x - 2 potions of mutation
 z - a potion of cancellation
 A - 2 potions of poison {unknown}
 C - a potion of beneficial mutation
 F - a potion of lignification {unknown}
Comestibles
 e - 3 bread rations
 g - a slice of pizza
 p - 5 fruits
 s - a meat ration
 w - a chunk of flesh


   Skills:
 + Level 6.2 Fighting
 + Level 6.6 Axes
 - Level 2.0 Throwing
 - Level 2.2 Armour
 + Level 5.7 Dodging


You had 6 spell levels left.
You didn't know any spells.

Dungeon Overview and Level Annotations

Branches:
Dungeon (4/15)
 Temple: D:4-7

Altars:
Elyvilon
Gozag
Okawaru
Zin
The Shining One

Shops:
D:4 *


Innate Abilities, Weirdness & Mutations

You reflexively headbutt those who attack you in melee.
You have a pair of horns on your head.


Message History

You slash the orc warrior! You headbutt the orc warrior.
The orc warrior is moderately wounded.
The orc warrior hits you but does no damage.
The orc warrior barely misses you.
You hit the orc warrior.
The orc warrior is moderately wounded.
The orc warrior barely misses you. You furiously retaliate!
You headbutt the orc warrior! You hit the orc warrior.
The orc warrior is severely wounded.
The orc warrior closely misses you.
You hit the orc warrior.
The orc warrior is severely wounded.
The orc warrior hits you with a trident!!
* * * LOW HITPOINT WARNING * * *
You hit the orc warrior but do no damage.
You headbutt the orc warrior!
The orc warrior is almost dead.
The orc warrior hits you with a trident!
You die...

..#.....#.......#...#
........#......[#...#
⌠.#.....#.......'...#
........+.......#"..#
..#.....#.......######
....########+###.....#
..#.# #......#.....#
....# #....(.#.....#
⌠.#.# #.....)#@....#
....# #....Zo.....#
..#.# #.....#.....#
....# #......#######
..## #...... ..#
##..... ..# ###### ..#
..# #


You could see an orc warrior and a centaur skeleton.

Vanquished Creatures
  Duvessa (D:4)
  A phantom (D:4)
  A centaur (D:3)
  Dowan (D:4)
  6 orc wizards
  A worker ant (D:4)
  5 gnolls
  10 adders
  An ooze (D:2)
  5 giant geckos
  9 orcs
  4 giant cockroaches
  4 goblins
  9 hobgoblins
  18 jackals
  8 kobolds
  5 bats
  2 giant newts
  2 quokkas
  6 rats
99 creatures vanquished.

Notes
Turn   | Place    | Note
--------------------------------------------------------------
     0 | D:1      | Kloppie the Minotaur Gladiator began the quest for the Orb.
     0 | D:1      | Reached XP level 1. HP: 18/18 MP: 0/0
    81 | D:1      | Reached XP level 2. HP: 19/25 MP: 1/1
   308 | D:1      | Reached skill level 4 in Axes
   489 | D:1      | Reached XP level 3. HP: 28/31 MP: 2/2
   834 | D:2      | Reached XP level 4. HP: 39/39 MP: 3/3
  1211 | D:2      | Found a glowing silver altar of Zin.
  1211 | D:2      | Found a glowing golden altar of the Shining One.
  1211 | D:2      | Found a white marble altar of Elyvilon.
  1790 | D:3      | Reached XP level 5. HP: 37/46 MP: 4/4
  1944 | D:3      | Reached skill level 5 in Axes
  2149 | D:3      | Noticed a centaur
  2157 | D:3      | Killed a centaur
  2157 | D:3      | Reached skill level 1 in Armour
  2188 | D:3      | Reached skill level 5 in Fighting
  2188 | D:3      | Reached XP level 6. HP: 54/56 MP: 5/5
  2392 | D:4      | Found an opulent altar of Gozag.
  2641 | D:4      | Found Gozag's Platinum Reserve.
  2675 | D:4      | Reached skill level 5 in Dodging
  2752 | D:4      | Found an iron altar of Okawaru.
  2806 | D:4      | Reached skill level 6 in Axes
  2806 | D:4      | Reached XP level 7. HP: 60/62 MP: 6/6
  2870 | D:4      | Found a white marble altar of Elyvilon.
  2906 | D:4      | Noticed Dowan
  2907 | D:4      | Noticed Duvessa
  2916 | D:4      | Killed Duvessa
  2919 | D:4      | Killed Dowan
  3045 | D:4      | Slain by an orc warrior

Action                   |  1- 3 |  4- 6 |  7- 9 || total
-------------------------+-------+-------+-------++-------
Melee: War axe           |    59 |   118 |    22 ||   199
  Use: Scroll            |       |       |    15 ||    15
  Eat: Chunk             |       |     6 |     1 ||     7
